 Dungeon Crawl Stone Soup version 0.23.2-1-ga50397a (webtiles) character file.

Game seed: 16555704263453859601

65 Maks the Magician (level 4, 0/25 HPs)
             Began as a Kobold Wizard on May 23, 2019.
             Slain by an adder (1 damage)
             ... on level 2 of the Dungeon.
             The game lasted 00:12:21 (2719 turns).

Maks the Magician (Kobold Wizard)                   Turns: 2719, Time: 00:12:21

Health: 0/25       AC:  2    Str:  5    XL:     4   Next: 35%
Magic:  1/9        EV: 15    Int: 19    God:
Gold:   89         SH:  0    Dex: 13    Spells: 2/10 levels left

rFire    . . .     SeeInvis .   j - +0 short sword
rCold    . . .     Gourm    .   (shield restricted)
rNeg     . . .     Faith    .   a - +0 robe
rPois    .         Spirit   .   b - +0 hat
rElec    .         Reflect  .   (no cloak)
rCorr    .         Harm     .   (no gloves)
MR       .....                  (no boots)
Stlth    ++........             (no amulet)
HPRegen  0.08/turn              (no ring)
MPRegen  0.11/turn              (no ring)

@: lethally poisoned (0 -> -9), very slightly contaminated, invisible
A: small, carnivore
a: no special abilities


You were on level 2 of the Dungeon.
You were very full.

You visited 1 branch of the dungeon, and saw 3 of its levels.

You collected 89 gold pieces.

Inventory:

Hand Weapons
 j - a +0 short sword (weapon)
Armour
 a - a +0 robe (worn)
 b - a +0 hat (worn)
 k - a +0 pair of boots
Scrolls
 e - 2 scrolls of remove curse {unknown}
 f - a scroll of noise {unknown}
 g - a scroll of identify {unknown}
 h - a scroll of enchant armour {unknown}
 i - a scroll of immolation {unknown}
Potions
 c - a potion of invisibility
Comestibles
 d - 3 rations


   Skills:
 + Level 1.5 Fighting
 + Level 3.1 Dodging
 - Level 2.6 Stealth
 + Level 3.9 Spellcasting
 + Level 1.7 Conjurations
 * Level 1.6 Summonings
 - Level 1.0 Translocations


You had 2 spell levels left.
You knew the following spells:

 Your Spells              Type           Power        Failure   Level  Hunger
a - Magic Dart            Conj           ##..         7%          1    None
b - Blink                 Tloc           N/A          14%         2    ##.....
c - Call Imp              Summ           #.......     11%         2    ##.....
d - Mephitic Cloud        Conj/Pois/Air  #.......     32%         3    ###....

Your spell library contained the following spells:

 Spells                   Type           Power        Failure   Level  Hunger
 Slow                     Hex            #.......     22%         2    ##.....
 Conjure Flame            Conj/Fire      #.......     28%         3    ###....


Dungeon Overview and Level Annotations

Branches:
Dungeon (3/15)

Altars:

Annotations:
D:2 exclusion: downstairs


Innate Abilities, Weirdness & Mutations

You are small and have problems with some larger weapons.
You are carnivorous and can eat meat at any time.


Message History

You miss the adder.
The adder is severely wounded.
The adder barely misses you.
Your crimson imp closely misses the bat.
The bat hits you. The adder bites you.
* * * LOW HITPOINT WARNING * * *
You are more poisoned.
The adder poisons you!
* * * LOW HITPOINT WARNING * * *
You feel sick. The bat closely misses you.
Your crimson imp barely misses the adder.
It was a potion of invisibility.
You fade into invisibility!
* * * LOW HITPOINT WARNING * * *
You feel sick. The bat closely misses you.
You hit the adder.
The adder is almost dead.
* * * LOW HITPOINT WARNING * * *
You feel sick. The bat barely misses you. The adder bites you.
You die...

###.##..# #.......#..# ###.##...
.....##.# #......[#.## ##.##...
.....##.###.........# #.......
.....##..####.####.#######.##....
...>.............................
.....###.####.###..####...####...
.....# #.# #..##..#####.#### #...
.....###.###.###)##........# #...
#####........##S@##........# #...
#.........5b###........# ####
#...........###........# ##
#........##.ยง)5........# ##.
#........######..b.....# #..
#........# #.>......# #..
########## #(..<....# #..
#........# #.. ########## #..


You could see an adder, a bat and a friendly crimson imp.

Vanquished Creatures
  An adder (D:2)
  A gnoll (D:3)
  2 oozes
  2 dart slugs
  8 bats
  3 giant cockroaches
  2 goblins (D:1)
  4 hobgoblins
  4 kobolds
  A quokka (D:2)
  A ball python (D:1)
  2 frilled lizards
  4 rats
35 creatures vanquished.

Vanquished Creatures (collateral kills)
  An adder (D:3)
  2 kobolds (D:2)
3 creatures vanquished.

Grand Total: 38 creatures vanquished

Notes
Turn   | Place    | Note
-------+----------+-------------------------------------------
     0 | D:1      | Maks the Kobold Wizard began the quest for the Orb.
     0 | D:1      | Reached XP level 1. HP: 10/10 MP: 4/4
   422 | D:1      | Reached XP level 2. HP: 16/16 MP: 3/6
  1351 | D:1      | Reached XP level 3. HP: 20/20 MP: 5/8
  1380 | D:1      | Learned a level 2 spell: Blink
  1383 | D:1      | Learned a level 2 spell: Call Imp
  1387 | D:1      | Learned a level 3 spell: Mephitic Cloud
  1531 | D:1      | Reached skill level 1 in Fighting
  2469 | D:2      | Reached XP level 4. HP: 24/25 MP: 2/9
  2719 | D:2      | HP: 1/25 [poisoned by an adder]
  2719 | D:2      | Slain by an adder

Skill      XL: |  1  2  3 |
---------------+----------+-----
Fighting       | 1 |  1.5
Dodging        | 3 |  3.1
Stealth        | |  2.6
Spellcasting   | |  3.9
Conjurations   | |  1.7
Summonings     | |  1.6
Translocations | |  1.0

Action                   |  1- 3 |  4- 6 || total
-------------------------+-------+-------++-------
Melee: Unarmed           |     8 |       ||     8
       Short sword       |    53 |    10 ||    63
 Cast: Magic Dart        |    72 |     3 ||    75
       Call Imp          |     5 |     4 ||     9
       Mephitic Cloud    |       |     1 ||     1
       Blink             |       |     1 ||     1
  Use: Potion            |       |     1 ||     1
  Eat: Chunk             |    13 |       ||    13
Armor: Robe              |    27 |     9 ||    36
Dodge: Dodged            |    92 |    29 ||   121
